 Dungeon Crawl Stone Soup version 0.18-a0-921-g28655ce (webtiles) character file.

312 4thArraOfDagon the Unweaver (level 6, -4/48 HPs)
             Began as a Formicid Abyssal Knight on Dec 27, 2015.
             Was a Follower of Lugonu.
             Slain by JokEr's ghost (7 damage)
             ... on level 6 of the Dungeon.
             The game lasted 00:03:35 (591 turns).

4thArraOfDagon the Unweaver (FoAK)                   Turns: 591, Time: 00:03:35

Health: -4/48      AC:  5    Str: 21    XL:     6   Next: 71%
Magic:  9/9        EV: 16    Int: 14    God:    Lugonu [*.....]
Gold:   25         SH:  0    Dex: 15    Spells: 0 memorised, 5 levels left

rFire  . . .     SeeInvis +     a - +1 hand axe
rCold  . . .     Gourm    .     h - +0 ring mail
rNeg   . . .     Faith    .     (no shield)
rPois  .         Spirit   .     (helmet unavailable)
rElec  .         Dismiss  .     (no cloak)
rCorr  .         Reflect  .     (no gloves)
SustAt .         Harm     .     (no boots)
MR     .....                    (no amulet)
Stlth  ++........               (no ring)
                                (no ring)

@: mighty, agile, lethally poisoned (-4 -> -5), very slightly contaminated, not
resistant to hostile enchantments, unstealthy
A: permanent stasis, dig shafts and tunnels, four strong arms, antennae 3
a: Dig, Shaft Self, Depart the Abyss, Renounce Religion


You were on level 6 of the Dungeon.
You worshipped Lugonu.
Lugonu was aware of your devotion.
You were not hungry.

You visited 1 branch of the dungeon, and saw 6 of its levels.
You visited the Abyss 1 time.

You collected 52 gold pieces.
You spent 27 gold pieces at shops.

Inventory:

Hand Weapons
 a - a +1 hand axe (weapon)
Armour
 h - a +0 ring mail (worn)
Wands
 b - a wand of lightning (7/15)
 e - a wand of draining (4/15)
Scrolls
 d - 2 scrolls of random uselessness
 g - a scroll of identify
 j - a scroll of amnesia
 k - a scroll of enchant armour {unknown}
Comestibles
 c - 2 bread rations
 f - a meat ration
 i - 2 fruits


   Skills:
 + Level 4.1 Fighting
 * Level 4.0 Axes
 + Level 3.2 Armour
 + Level 2.1 Dodging
 * Level 4.4 Invocations


You had 5 spell levels left.
You didn't know any spells.

Dungeon Overview and Level Annotations

Branches:
Dungeon (7/15)
 Temple: D:4-7

Altars:
Xom

Shops:
D:6 (*=*

Annotations:
D:5 Dowan, Duvessa
D:6 JokEr's ghost, novice FoFi


Innate Abilities, Weirdness & Mutations

You are under a permanent stasis effect.
You can dig through walls and to a lower floor.
Your four strong arms can wield two-handed weapons with a shield.
You have a pair of large antennae on your head (SInv).


Message History

JokEr's ghost is lightly damaged.
You feel sick. JokEr's ghost closely misses you.
You hit JokEr's ghost but do no damage.
JokEr's ghost is lightly damaged.
JokEr's ghost hits you but does no damage.
You hit JokEr's ghost.
JokEr's ghost is lightly damaged.
JokEr's ghost hits you.
You hit JokEr's ghost.
JokEr's ghost is lightly damaged.
You feel sick. JokEr's ghost hits you.
You hit JokEr's ghost.
JokEr's ghost is moderately damaged.
JokEr's ghost hits you!
* * * LOW HITPOINT WARNING * * *
Unknown command.
You slash JokEr's ghost!
JokEr's ghost is moderately damaged.
JokEr's ghost hits you!
You die...

#.####.##..####.# #{..# ####.##.#
.....#.##.......# ##.####.......#
#.##.#.###.#########.........##..
#.##.......# ##.......###.#......
#......##### #..$#..............#
######## #.∩#...g.....#......
#.$###.♣.###.......# #..##♣.∩.♣ .
...#.## #..@W..♣## #.##.#
#.#####.# # #...(...# #.......#
#..<....# #.......# #...?..W#
#.......# #........


You could see JokEr's ghost.

Vanquished Creatures
  Sigmund (D:5)
  A centaur (D:6)
  A giant frog skeleton (D:6)
  Crazy Yiuf (D:6)
  A centaur skeleton (D:5)
  An adder skeleton (D:5)
  2 orcs (D:6)
  5 jackals (D:6)
  2 quokkas (D:6)
  A giant cockroach (D:5)
16 creatures vanquished.

Notes
Turn   | Place    | Note
--------------------------------------------------------------
     0 | Abyss:1  | 4thArraOfDagon the Formicid Abyssal Knight began the quest for the Orb.
     0 | Abyss:1  | Reached XP level 1. HP: 18/18 MP: 2/2
     9 | Abyss:1  | Found a corrupted altar of Lugonu.
    56 | Abyss:1  | Noticed a smoke demon
    57 | D:1      | Escaped the Abyss
    61 | D:1      | You fall through a shaft!
    64 | D:2      | You fall through a shaft!
    67 | D:3      | You fall through a shaft for 2 floors!
    67 | D:5      | Entered Level 5 of the Dungeon
    81 | D:5      | Found a shimmering altar of Xom.
   107 | D:5      | Noticed Sigmund
   128 | D:5      | Killed Sigmund
   128 | D:5      | Reached skill level 1 in Dodging
   128 | D:5      | Reached XP level 2. HP: 6/25 MP: 2/4
   128 | D:5      | Reached XP level 3. HP: 7/30 MP: 2/5
   128 | D:5      | Reached XP level 4. HP: 8/37 MP: 2/6
   128 | D:5      | Reached XP level 5. HP: 9/42 MP: 2/7
   176 | D:5      | Reached skill level 4 in Invocations
   206 | D:5      | Noticed Dowan
   207 | D:5      | Noticed Duvessa
   209 | D:5      | You fall through a shaft!
   237 | D:6      | Found Minox's Jewellery Shoppe.
   341 | D:6      | Noticed a centaur
   352 | D:6      | Killed a centaur
   352 | D:6      | Reached XP level 6. HP: 25/48 MP: 9/9
   382 | D:6      | Found Pissy's Assorted Antiques.
   408 | D:6      | Bought a brown potion for 27 gold pieces
   430 | D:6      | Noticed Crazy Yiuf
   455 | D:6      | Found Effiug's General Store.
   456 | D:6      | Noticed JokEr's ghost (novice FoFi)
   467 | D:6      | Reached * piety under Lugonu
   576 | D:6      | Found Vaxketro's Weapon Emporium.
   582 | D:6      | Killed Crazy Yiuf
   591 | D:6      | Slain by JokEr's ghost

Vault maps used:
D:1:      mrwooster_arrival_statue_2
D:2:      nicolae_overflow_hidden_temple
D:3:      amethyst_overflow_temple_binary, uniq_jessica
D:5:      lemuel_doored_altar, minmay_temple_entry_fiery, first_bread,
          kennysheep_generic_room_9, uniq_pikel, uniq_sigmund, uniq_duvessa
D:6:      serial_shops, nicolae_shop_temple_entry_statues_fountains, shop,
          nicolae_shop_trees, kennysheep_mini_moat, shop,
          uniq_crazy_yiuf_cottage
D:7:      serial_shops, nicolae_shop_window_shopping

Action                   |  1- 3 |  4- 6 || total
-------------------------+-------+-------++-------
Melee: Hand axe          |       |    69 ||    69
Invok: Depart the Abyss  |     1 |       ||     1
 Abil: Shaft Self        |     3 |     1 ||     4
       Dig               |     2 |     1 ||     3
Evoke: Wand              |     1 |     1 ||     2
  Use: Scroll            |     1 |     4 ||     5
       Potion            |       |     3 ||     3
  Eat: Fruit             |       |     1 ||     1
